 Dungeon Sprint DCSS version 0.24-a0-250-g6074511 (webtiles) character file.

Game seed: 15099285978419928312

893 MikeHunt the Grappler (level 8, -10/63 HPs)
             Began as a Ghoul Monk on Apr 14, 2019.
             Was a Believer of Nemelex Xobeh.
             Killed by divine providence
             ... invoked by a meliai
              (13 damage)
             ... in the Dungeon (Sprint IV: "Fedhas' Mad Dash").
             The game lasted 00:05:16 (727 turns).

MikeHunt the Grappler (Ghoul Monk)                   Turns: 727, Time: 00:05:16

Health: -10/63     AC:  2    Str: 15    XL:     8   Next: 6%
Magic:  15/15      EV: 14    Int:  5    God:    Nemelex Xobeh [**....]
Gold:   117        SH:  0    Dex: 13    Spells: 7/7 levels left

rFire    . . .     SeeInvis .     - Unarmed
rCold    + . .     Gourm    .   (no shield)
rNeg     + + +     Faith    .   a - +0 robe
rPois    ∞         Spirit   .   (no helmet)
rElec    .         Reflect  .   (no cloak)
rCorr    .         Harm     .   (no gloves)
MR       .....     NoTele   +   (no boots)
Stlth    +++.......             j - amulet of invisibility {+Inv}
HPRegen  0.00/turn              (no ring)
MPRegen  0.14/turn              (no ring)

@: very slightly contaminated, rotting
A: rotting body, claws 1, carnivore, cold resistance 1, negative energy
resistance 3, inhibited regeneration, torment resistance, unbreathing
a: Draw Escape, Draw Destruction, Draw Summoning, Renounce Religion, Evoke
Invisibility


You were in the Dungeon.
You worshipped Nemelex Xobeh.
Nemelex Xobeh was pleased with you.
You were not hungry.

You visited 1 branch You collected 117 gold pieces.

Inventory:

Armour
 a - a +0 robe (worn)
 l - a +0 chain mail
Jewellery
 j - the amulet of invisibility (around neck) {+Inv}
   (You found it in the Dungeon)

   [amulet of nothing]

   It lets you turn invisible.
Scrolls
 i - a scroll of enchant weapon {unknown}
Potions
 c - a potion of curing
 e - a potion of haste
 f - 2 potions of magic
 g - a potion of berserk rage
 k - a potion of cancellation {unknown}
Comestibles
 b - a ration
 m - 3 chunks of flesh {@w1}


   Skills:
 - Level 3.2 Fighting
 + Level 4.6 Dodging
 - Level 5.7 Stealth
 - Level 13.1 Unarmed Combat
 - Level 11.3 Invocations


You had 7 spell levels left.
You didn't know any spells.
Your spell library was empty.

Dungeon Overview and Level Annotations

Branches:
Dungeon (1/1)

Altars:
Cheibriados
Dithmenos
Elyvilon
Gozag
Hepliaklqana
Kikubaaqudgha
Makhleb
Nemelex Xobeh
Okawaru
Qazlal
Ru
Sif Muna
Trog
Uskayaw
Vehumet
Wu Jian
Xom
Yredelemnul
Zin
The Shining One
Beogh
Jiyva
Lugonu

Shops:
D [**:


Innate Abilities, Weirdness & Mutations

Your body is rotting away.
You thrive on raw meat.
You are immune to poison.
You have sharp fingernails.
You are carnivorous and can eat meat at any time.
Your flesh is cold resistant. (rC+)
You are immune to negative energy. (rN+++)
You do not regenerate when monsters are visible.
You are immune to unholy pain and torment.
You can survive without breathing.


Message History

Your ice beast misses the queen bee.
You draw a card...
You have drawn the Storm.
A fierce wind blows from the card.
The electrical discharge engulfs the queen bee!
The queen bee is almost dead.
The electrical discharge engulfs your ice beast!
You kill your ice beast!
You hear mighty peals of thunder!
You draw a card...
You have drawn Vitriol.
You radiate a wave of entropy!
The acid corrodes the queen bee!
The acid corrodes MikeHunt's illusion!
Press: ? - help, Shift-Dir - straight line, f - queen bee
Aim: a queen bee (almost dead, covered in acid)
The bolt of acid misses the queen bee.
You draw a card...
You have drawn Degeneration.
The queen bee evaporates and reforms as a meliai!
The meliai twists and deforms.
MikeHunt's illusion is dazed by the mutagenic energy.
The meliai invokes the aid of its god against you.
Something smites you!
You die...
Your body glows with a rainbow of weird colours and disappears.

#################################
.....#.....#.⌠._._._._.⌠.#..'..)#
.....'.#(..@.y_.@._._._..'..#..)#
.....#.#@.†#..._._._._...#..###'#
#########'##.._._._._._..#.)##∩∩.
.....y.'...#._._._._._.⌠.########
.♣.....#...###############
♣..♣..###### #+#####


You could see a meliai and MikeHunt's illusion (dazed).

Vanquished Creatures
  2 wandering mushrooms (D)
  A scorpion (D)
  A killer bee (D)
  4 oklob saplings (D)
  A worker ant (D)
  2 spriggans (D)
  A river rat (D)
  A rat (D)
13 creatures vanquished.

Vanquished Creatures (collateral kills)
  A burning bush (D)
  3 killer bees (D)
4 creatures vanquished.

Vanquished Creatures (others)
  A scorpion (D)
1 creature vanquished.

Grand Total: 18 creatures vanquished

Notes
Turn   | Place    | Note
-------+----------+-------------------------------------------
     0 | D        | MikeHunt the Ghoul Monk began the quest for the Orb.
     0 | D        | Reached XP level 1. HP: 19/19 MP: 0/0
    15 | D        | Reached skill level 4 in Unarmed Combat
    15 | D        | Reached XP level 2. HP: 13/26 MP: 1/1
   169 | D        | Noticed an oklob sapling
   172 | D        | Killed an oklob sapling
   172 | D        | Reached skill level 5 in Stealth
   172 | D        | Reached skill level 5 in Unarmed Combat
   172 | D        | Reached XP level 3. HP: 31/31 MP: 2/2
   175 | D        | Found the amulet of invisibility {+Inv}
   177 | D        | Reached skill level 7 in Unarmed Combat
   177 | D        | Reached XP level 4. HP: 38/38 MP: 3/3
   204 | D        | Found an opulent altar of Gozag.
   204 | D        | Found a hazy altar of Hepliaklqana.
   204 | D        | Found a roughly hewn altar of Beogh.
   204 | D        | Found a snail-covered altar of Cheibriados.
   205 | D        | Found a viscous altar of Jiyva.
   205 | D        | Found a burning altar of Makhleb.
   205 | D        | Found a sparkling altar of Nemelex Xobeh.
   205 | D        | Found a sacrificial altar of Ru.
   205 | D        | Found a deep blue altar of Sif Muna.
   205 | D        | Found a bloodstained altar of Trog.
   205 | D        | Found an ornate altar of the Wu Jian Council.
   205 | D        | Found a shimmering altar of Xom.
   205 | D        | Found a basalt altar of Yredelemnul.
   205 | D        | Noticed an oklob sapling priest
   226 | D        | Found an iron altar of Okawaru.
   226 | D        | Found a glowing silver altar of Zin.
   226 | D        | Found a shadowy altar of Dithmenos.
   227 | D        | Found a hide-covered altar of Uskayaw.
   227 | D        | Found an ancient bone altar of Kikubaaqudgha.
   228 | D        | Found a stormy altar of Qazlal.
   228 | D        | Found a glowing golden altar of the Shining One.
   228 | D        | Found a white marble altar of Elyvilon.
   229 | D        | Found a radiant altar of Vehumet.
   229 | D        | Found a corrupted altar of Lugonu.
   232 | D        | Became a worshipper of Nemelex Xobeh the Trickster
   232 | D        | Received a gift from Nemelex Xobeh
   232 | D        | Received a gift from Nemelex Xobeh
   232 | D        | Reached * piety under Nemelex Xobeh
   232 | D        | Received a gift from Nemelex Xobeh
   232 | D        | Reached ** piety under Nemelex Xobeh
   238 | D        | Killed an oklob sapling priest
   238 | D        | Reached skill level 8 in Unarmed Combat
   480 | D        | Reached skill level 9 in Unarmed Combat
   480 | D        | Reached skill level 5 in Invocations
   480 | D        | Reached XP level 5. HP: 29/45 MP: 5/7
   584 | D        | Reached skill level 10 in Unarmed Combat
   584 | D        | Reached XP level 6. HP: 51/51 MP: 7/10
   601 | D        | Found Xotu's General Store.
   602 | D        | Found Fapra's Antique Armour Emporium.
   602 | D        | Received a gift from Nemelex Xobeh
   616 | D        | Noticed a burning bush
   616 | D        | Noticed a wandering mushroom
   618 | D        | Noticed a wandering mushroom
   622 | D        | Killed a burning bush
   622 | D        | Reached skill level 11 in Unarmed Combat
   628 | D        | Killed a wandering mushroom
   628 | D        | Reached skill level 12 in Unarmed Combat
   628 | D        | Reached skill level 10 in Invocations
   628 | D        | Reached XP level 7. HP: 57/57 MP: 11/13
   631 | D        | Killed a wandering mushroom
   631 | D        | Reached skill level 13 in Unarmed Combat
   640 | D        | Found Evampo's Assorted Antiques.
   641 | D        | Found Ekkiets's Book Emporium.
   678 | D        | Received a gift from Nemelex Xobeh
   695 | D        | Noticed a queen bee
   713 | D        | Reached XP level 8. HP: 20/63 MP: 15/15
   723 | D        | HP: 3/63 [queen bee (12)]
   727 | D        | Noticed a meliai
   727 | D        | a queen bee changed into a meliai
   727 | D        | Killed from afar by a meliai

Levels and vault maps discovered:
D:        dungeon_sprint_fedhas [sprint_temple]

Skill      XL: |  1  2  3  4  5  6  7 |
---------------+----------------------+-----
Stealth        | 4 5 |  5.7
Unarmed Combat | 4 5 7 9 10 12 13 | 13.1
Invocations    | 5 7 10 11 | 11.3
Dodging        | 4 |  4.6
Fighting       | |  3.2

Action                   |  1- 3 |  4- 6 |  7- 9 || total
-------------------------+-------+-------+-------++-------
Melee: Unarmed           |    11 |    13 |    13 ||    37
       Punch             |     1 |       |       ||     1
 Abil: Evoke Invisibilit |       |     2 |     1 ||     3
       Draw Escape       |       |     1 |       ||     1
       Draw Destruction  |       |     2 |     3 ||     5
       Draw Summoning    |       |       |     2 ||     2
  Use: Scroll            |       |       |     1 ||     1
       Potion            |       |       |     1 ||     1
 Stab: Sleeping          |     2 |       |     1 ||     3
       Invisible         |       |     2 |     1 ||     3
  Eat: Chunk             |       |       |     3 ||     3
Armor: Robe              |     1 |       |       ||     1
Dodge: Dodged            |     6 |       |    16 ||    22

Table legend:
 A = Non-vault XP
 B = Vault XP
 C = Vault XP percentage of total XP
 D = Non-vault monster count
 E = Vault monster count
 F = Vault count percentage of total count
                 A         B        C        D         E       F
            +---------+---------+-------+---------+---------+-------
      Total |       0 |    1277 | 100.0 |       0 |      18 | 100.0
            +---------+---------+-------+---------+---------+-------
          D |       0 |    1277 | 100.0 |       0 |      18 | 100.0
            +---------+---------+-------+---------+---------+-------
